 Dungeon Crawl Stone Soup version 0.17-a0-1447-g3d113ad (webtiles) character file.

7779 Fluffy the Epochal (level 11, -12/104 HPs)
             Began as a Troll Monk on June 29, 2015.
             Was an Elder of Cheibriados.
             Killed by the air
             ... invoked by Gastronok
              (28 damage)
             ... on level 1 of the Lair of Beasts.
             The game lasted 00:33:10 (8169 turns).

Fluffy the Epochal (Troll Monk)                     Turns: 8169, Time: 00:33:11

Health: -12/104    AC:  6    Str: 32    XL:     11   Next: 1%
Magic:  6/19       EV: 14    Int: 16    God:    Cheibriados [****..]
Gold:   484        SH:  0    Dex: 21    Spells: 0 memorised, 10 levels left

rFire  . . .     SeeInvis +       - Unarmed
rCold  . . .     Clarity  .     F - +1 robe "Gabrepp" {Regen+}
rNeg   + . .     SustAt   .     (no shield)
rPois  .         Gourm    +     (helmet restricted)
rElec  .         Spirit   .     (no cloak)
rCorr  .         Warding  +     (gloves unavailable)
rMut   .         Stasis   .     (boots unavailable)
MR     +....                    r - amulet of warding
Stlth  ++........               G - ring of see invisible (curse)
                                E - ring of protection from magic

@: about to teleport, very slow, somewhat resistant to hostile enchantments,
unstealthy
A: unfitting armour, claws 3, fast metabolism 3, gourmand, regeneration 2,
shaggy fur 1, tough skin 2
a: Bend Time, Temporal Distortion, Slouch, Renounce Religion


You were on level 1 of the Lair of Beasts.
You worshipped Cheibriados.
Cheibriados was greatly pleased with you.
You were very full.

You visited 3 branches of the dungeon, and saw 11 of its levels.

You collected 484 gold pieces.

Inventory:

Hand weapons
 B - a +0 giant spiked club of freezing
Armour
 u - a +2 robe of magic resistance
 F - the +1 robe "Gabrepp" (worn) {Regen+}
   (You found it on level 1 of the Lair of Beasts)

   It increases your rate of regeneration.
Jewellery
 r - an amulet of warding (around neck)
 A - an uncursed ring of flight
 E - a ring of protection from magic (left claw)
 G - a cursed ring of see invisible (right claw)
Magical devices
 g - a wand of cold (8)
 q - a wand of fire (4)
 s - a wand of paralysis (14)
 z - a wand of fire (6)
 C - a wand of slowing (28)
Scrolls
 e - 2 scrolls of immolation
 f - a scroll of teleportation
 h - 3 scrolls of remove curse
 i - 3 scrolls of amnesia
 k - 3 scrolls of enchant armour
 l - a scroll of fog
 D - a scroll of identify
Potions
 a - 2 potions of resistance
 d - a potion of brilliance
 j - 4 potions of curing
 n - a potion of invisibility
 o - 3 potions of agility
 p - 2 potions of mutation
 w - a potion of lignification
 x - a potion of heal wounds
Books
 y - a book of Frost

   Spells                             Type                      Level
   a - Freeze                         Ice                          1
   b - Throw Frost                    Conjuration/Ice              2
   c - Ozocubu's Armour               Charms/Ice                   3
   d - Throw Icicle                   Conjuration/Ice              4
   e - Summon Ice Beast               Ice/Summoning                4
   f - Condensation Shield            Ice                          4
Comestibles
 b - 7 bread rations
 c - 4 meat rations
 m - 3 beef jerkies
 t - 2 slices of pizza
 v - 5 fruits


   Skills:
 * Level 5.6 Fighting
 * Level 5.4 Dodging
 - Level 1.1 Stealth
 * Level 7.1 Unarmed Combat
 + Level 12.1 Invocations


You had 10 spell levels left.
You didn't know any spells.

Dungeon Overview and Level Annotations

Branches:
Dungeon (9/15)             Temple (1/1) D:4            Lair (1/8) D:9
    Orc: D:9-12

Altars:
Ashenzari
Cheibriados
Dithmenos
Elyvilon
Fedhas
Gozag
Kikubaaqudgha
Makhleb
Nemelex Xobeh
Okawaru
Qazlal
Ru
Sif Muna
Trog
Vehumet
Xom
Yredelemnul
Zin
The Shining One

Shops:
D:4 *   D:6 %==[

Annotations:
Lair:1 Gastronok


Innate Abilities, Weirdness & Mutations

You are too large for most types of armour.
You have claws for hands.
Your metabolism is lightning-fast.
You like to eat raw meat.
You heal very quickly.
You are covered in fur (AC +1).
You have very tough skin (AC +2).


Message History

The four-headed hydra bites you!
* * * LOW HITPOINT WARNING * * *
Evoke which item? (* to show all) (? for menu, Esc to quit)
Zapping:
q - a wand of fire {zapped: 2} (will waste charges)
Press: ? - help, Shift-Dir - straight line, f - Gastronok
Aim: Gastronok, wearing a glowing hat The bolt of fire hits the four-headed hydra.
You kill the four-headed hydra!
Cheibriados appreciates the change of pace.
Your Unarmed Combat skill increases to level 7!
You have reached level 11!
The bolt of fire hits Gastronok.
Gastronok is lightly wounded.
Evoking this partially-identified wand wasted a few charges.
Wield which item (- for none, * to show all)? (? for menu, Esc to quit)
Your +0 giant spiked club of freezing stops glowing.
You are now empty-clawed.
Gastronok waves his eye-stalks in wide circles.
The air twists around and strikes you!
You die...

##... ........ ..
........ ......r.
.....rw## ........## #..
#...### .. #... #.....##
#.. .... ##.....# #..)
...# #.@...# #.... ...#
##.)..##..... ..#
##...#.>...# ..#
#.(#.....# ### .......
###.....# ..###........
####.(...## ..#.#
#.....# #.#.....##
...####......##......#(#
....##......##......####


You could see Gastronok, a river rat and a quokka.

Vanquished Creatures
  Harold (Lair:1)
  A hydra (Lair:1)
  An unseen horror (D:8)
  Pikel (D:6)
  A griffon (Lair:1)
  A centaur zombie (D:8)
  A fire drake (Lair:1)
  Grinder (D:3)
  The ghost of pulse the Shield-Bearer, an average GrFi of Okawaru (D:4)
  2 hippogriffs (D:8)
  A deep elf fighter (D:9)
  2 hungry ghosts
  Menkaure (D:6)
  2 water moccasins (Lair:1)
  2 porcupines (Lair:1)
  3 ice beasts
  An ogre (D:8)
  2 wasps
  2 orc warriors
  A black bear (D:8)
  A sky beast (D:9)
  A slave (D:6)
  2 phantoms
  3 giant frogs (D:8)
  2 scorpions
  3 wights (D:7)
  3 giant frog zombies
  5 crimson imps
  4 jellies
  2 quasits
  5 hounds
  5 orc wizards
  An orc priest (D:3)
  A giant frog skeleton (D:9)
  A centaur skeleton (D:6)
  2 iguanas
  4 worker ants
  Robin (D:3)
  6 gnolls
  4 river rats (D:9)
  8 adders
  3 shadow imps
  2 oozes
  4 worms
  An adder skeleton (D:5)
  2 adder zombies
  3 giant geckos
  28 orcs
  27 bats
  A bat skeleton (D:5)
  8 giant cockroaches
  17 goblins
  18 hobgoblins
  17 jackals
  20 kobolds
  2 quokkas
  2 ball pythons
  A giant gecko skeleton (D:4)
  8 giant newts
  20 rats
276 creatures vanquished.

Vanquished Creatures (others)
  A slave (D:6)
  A giant frog (D:6)
  An adder (D:6)
  An orc (D:6)
  A bat (D:6)
  A giant newt (D:6)
6 creatures vanquished.

Grand Total: 282 creatures vanquished

Notes
Turn   | Place    | Note
--------------------------------------------------------------
     0 | D:1      | Fluffy the Troll Monk began the quest for the Orb.
     0 | D:1      | Reached XP level 1. HP: 22/22 MP: 0/0
   111 | D:1      | Reached XP level 2. HP: 26/29 MP: 1/1
   206 | D:1      | Found a glowing golden altar of the Shining One.
   430 | D:1      | Reached XP level 3. HP: 36/36 MP: 2/2
  1063 | D:2      | Reached XP level 4. HP: 37/45 MP: 3/3
  1465 | D:3      | Noticed Grinder
  1478 | D:3      | Killed Grinder
  1478 | D:3      | Reached skill level 5 in Unarmed Combat
  1478 | D:3      | Reached XP level 5. HP: 27/54 MP: 4/4
  1478 | D:3      | Reached XP level 6. HP: 31/62 MP: 5/5
  1678 | D:3      | Noticed Robin
  1702 | D:3      | Killed Robin
  2145 | D:4      | Found Nusaqoenu's Assorted Antiques.
  2180 | D:4      | Noticed pulse's ghost (average GrFi)
  2270 | D:4      | Killed pulse's ghost
  2270 | D:4      | Reached skill level 6 in Unarmed Combat
  2270 | D:4      | Reached XP level 7. HP: 37/71 MP: 6/6
  2383 | D:4      | Found a staircase to the Ecumenical Temple.
  2389 | Temple   | Entered the Ecumenical Temple
  2775 | D:5      | Entered Level 5 of the Dungeon
  2813 | D:5      | Reached skill level 5 in Fighting
  2837 | D:5      | Found a sparkling altar of Nemelex Xobeh.
  2844 | D:5      | Found a snail-covered altar of Cheibriados.
  2847 | D:5      | Found a radiant altar of Vehumet.
  2855 | D:5      | Became a worshipper of Cheibriados the Contemplative
  2855 | D:5      | Acquired Cheibriados's first power
  3340 | D:5      | Reached skill level 1 in Invocations
  3343 | D:5      | Reached skill level 5 in Dodging
  3343 | D:5      | Reached XP level 8. HP: 52/80 MP: 7/7
  3592 | D:5      | Acquired Cheibriados's second power
  3675 | D:5      | Found a deep blue altar of Sif Muna.
  3748 | D:6      | Found Busabao's Armour Boutique.
  3752 | D:6      | Found Qoitz's Jewellery Boutique.
  3883 | D:6      | Noticed Menkaure
  3885 | D:6      | Noticed Pikel
  3892 | D:6      | Killed Menkaure
  3903 | D:6      | Killed Pikel
  4233 | D:6      | Found Boleiho's Jewellery Shop.
  4270 | D:6      | Found Taliul's Food Boutique.
  4280 | D:6      | Reached XP level 9. HP: 86/88 MP: 11/13
  4468 | D:6      | Reached skill level 7 in Invocations
  4813 | D:7      | Found an iron altar of Okawaru.
  4822 | D:7      | Acquired Cheibriados's third power
  4998 | D:7      | Reached skill level 8 in Invocations
  5395 | D:8      | Reached skill level 9 in Invocations
  5610 | D:8      | Noticed a centaur zombie
  5625 | D:8      | Killed a centaur zombie
  5625 | D:8      | Reached skill level 10 in Invocations
  5894 | D:8      | Acquired Cheibriados's fourth power
  5895 | D:8      | Reached XP level 10. HP: 82/96 MP: 16/16
  6833 | D:8      | Killed an unseen horror
  7385 | D:9      | Reached skill level 11 in Invocations
  7799 | D:9      | Found a staircase to the Lair.
  7818 | Lair:1   | Entered Level 1 of the Lair of Beasts
  7833 | Lair:1   | Noticed a griffon
  7844 | Lair:1   | Killed a griffon
  7919 | Lair:1   | Got a brightly glowing robe
  7930 | Lair:1   | Identified the +1 robe "Gabrepp" {Regen+} (You found it on level 1 of the Lair of Beasts)
  8084 | Lair:1   | Reached skill level 12 in Invocations
  8116 | Lair:1   | Noticed Harold
  8154 | Lair:1   | Killed Harold
  8158 | Lair:1   | Noticed Gastronok
  8159 | Lair:1   | Noticed a four-headed hydra
  8168 | Lair:1   | Killed a four-headed hydra
  8168 | Lair:1   | Reached XP level 11. HP: 15/104 MP: 6/19
  8169 | Lair:1   | Killed from afar by Gastronok

Vault maps used:
D:1:      ncdulo_watergridlock, grunt_decor_fettered, tso_altar
D:2:      first_bread
D:3:      uniq_grinder, uniq_robin
D:4:      temple_green, serial_shops, shop_statue, st_stairs_8
D:5:      minmay_overflow_temple_star_quad, minivault_4, lemuel_blue_sif_altar
D:6:      serial_shops, shop, shop, nicolae_shop_scaring_up_business, shop,
          uniq_pikel, uniq_menkaure
D:7:      okawaru_gym_becter
D:8:      wad_crossroads
D:9:      grunt_lair_entry_elf_guard_hut
Temple:   nicolae_temple_x_marks_the_god_16
Lair:1:   uniq_gastronok, uniq_harold

Action                   |  1- 3 |  4- 6 |  7- 9 | 10-12 || total
-------------------------+-------+-------+-------+-------++-------
Melee: Unarmed           |   105 |   154 |   352 |   213 ||   824
       Giant spiked club |       |       |       |     1 ||     1
Invok: Bend Time         |       |       |       |     4 ||     4
       Slouch            |       |       |       |     1 ||     1
       Temporal Distorti |       |       |       |     1 ||     1
Evoke: Wand              |       |       |       |     2 ||     2
  Use: Scroll            |       |       |    20 |     4 ||    24
       Potion            |       |       |       |     2 ||     2
 Stab: Sleeping          |     5 |     2 |     4 |     5 ||    16
       Distracted        |       |       |       |     2 ||     2
  Eat: Chunk             |    12 |    11 |    35 |    14 ||    72
